Cogmind - Beta 16 @@@ ROGUE MODE // 2025.11.12 @ 15:00:18 Player: WarMechanic Result: Destroyed by as-24164 with Assembled Heavy Rifle Performance ------------- Evolutions (0) 0 Regions Visited (2) 400 Robots Destroyed (25) 125 Value Destroyed (499) 499 Prototype IDs (0) 0 Alien Tech Used (0) 0 Bonus (0) 0 TOTAL SCORE: 1024 Bonus ------- None Cogmind --------- Core Integrity 0/250 Matter 290/300 Energy 168/250 System Corruption 0% Temperature Cool (1) Movement Treading (240) Ox1 Location -10/Mines Parts ------- > --- POWER (1) -------- Ion Engine > --- PROPULSION (2) --- Light Treads Compact Wheel > --- UTILITY (2) ------ Cooling System Large Storage Unit > --- WEAPON (2) ------- Spread Laser Spread Laser > --- INVENTORY (15) --- Ion Engine Light Nuclear Core Light Treads Cooling System Cooling System Targeting Computer ECM Suite Light Armor Plating Particle Gun Spread Laser Spread Laser Grenade Launcher Datajack Mining Laser Peak State ------------ > --- POWER ------------ Light Nuclear Core > --- PROPULSION ------- Light Treads Compact Wheel > --- UTILITY ---------- Cooling System Small Storage Unit > --- WEAPON ----------- Particle Gun Spread Laser > --- INVENTORY -------- Light Treads Compact Wheel Cooling System Cooling System Seismic Detector Light Armor Plating Assault Rifle Mining Laser [Rating: 13] Favorites ----------- Power Ion Engine Engine Ion Engine Power Core Light Nuclear Core Propulsion Compact Wheel Treads Light Treads Wheel Compact Wheel Utility Cooling System Device Cooling System Storage Small Storage Unit Protection Light Armor Plating Weapon Spread Laser Energy Gun Spread Laser Ballistic Gun Assault Rifle Build | -11 -10 -10 ------- Run | Yrd Mat Min Slots Evolved . | . . . Power . | . . . Propulsion . | . . . Utility . | . . . Weapon . | . . . Parts Attached 23 | 8 14 1 Power 6 | 2 4 . Engine 5 | 2 3 . Core 1 | . 1 . Reactor . | . . . Propulsion 3 | 2 1 . Treads 2 | 1 1 . Leg . | . . . Wheel 1 | 1 . . Hover . | . . . Flight . | . . . Utility 8 | 2 5 1 Device 5 | 1 3 1 Storage 2 | 1 1 . Processor . | . . . Hackware . | . . . Protection 1 | . 1 . Artifact . | . . . Weapon 6 | 2 4 . Energy Gun 4 | . 4 . Energy Cannon . | . . . Ballistic Gun 2 | 2 . . Ballistic Cannon . | . . . Launcher . | . . . Special Weapon . | . . . Impact Weapon . | . . . Slashing Weapon . | . . . Piercing Weapon . | . . . Special Melee Weapon . | . . . Unidentified Prototypes . | . . . Parts Lost 2 | . 1 1 Power . | . . . Propulsion . | . . . Utility 2 | . 1 1 Weapon . | . . . Highest Loss Streak 1 | . 1 1 To Critical Strikes . | . . . Average Backups 9 | 3 9 15 Power 1 | . 1 2 Propulsion 1 | 1 1 1 Utility 3 | . 3 6 Weapon 3 | 1 3 5 Tool/Special . | . . . Unused Backups 17 | 1 5 11 Power 1 | . . 1 Propulsion 4 | 1 2 1 Utility 5 | . 1 4 Weapon 6 | . 2 4 Tool/Special 1 | . . 1 Average Slot Usage (%) 98 | . 98 100 Engine 10 | . 10 14 Core 3 | . 3 . Treads 14 | . 14 14 Wheel 14 | . 14 14 Device 12 | . 12 14 Storage 14 | . 14 14 Energy Gun 24 | . 24 28 Ballistic Gun 3 | . 3 . Peak Build Rating 13 | 7 13 12 Average Rating 9 | 5 10 12 On Entrance 6 | . 7 12 Avg Prop Armor Cover (%) 11 | 3 12 . Naked Turns . | . . . Heaviest Build 33 | 14 33 33 Greatest Support 20 | 20 20 16 Greatest Overweight (x) 2 | . 2 2 Average Overweight (x) 1 | . 1 2 Largest Inventory Capacity 15 | 8 15 15 Average Capacity 11 | 7 11 15 Most Carried 15 | 5 15 15 Average Carried 9 | 3 9 14 Final Capacity 15 | 8 15 15 Final Carried 15 | 5 15 14 Class Distribution -------------------- 100% | Mutant Dominant Class ---------------- Mutant | -10/Materials Mutant | -10/Mines Resources | -11 -10 -10 ----------- Run | Yrd Mat Min Matter Collected 483 | 296 187 . Remotely . | . . . Salvage Created 738 | 102 622 14 Parts 52 | 9 43 . Haulers Intercepted . | . . . Recyclers Shooed . | . . . Parts Field Recycled . | . . . Retrieved Matter . | . . . Parts Self-Destructed . | . . . Prevented . | . . . Parts Restored . | . . . Kills | -11 -10 -10 ------- Run | Yrd Mat Min Combat Hostiles Destroyed 18 | . 16 2 Guns 18 | . 16 2 Classes Destroyed 7 | 2 4 1 Worker 1 | . 1 . Tunneler 4 | 2 2 . Recycler 2 | 1 1 . Watcher 2 | . 2 . Swarmer 6 | . 6 . Grunt 10 | . 10 . Assembled 2 | . . 2 Best Kill Streak 6 | 2 6 2 Combat Bots Only 4 | . 4 2 Max Kills in Single Turn 1 | 1 1 1 Gunslinging . | . . . Exploded . | . . . Melee . | . . . Uniques/NPCs Destroyed . | . . . Combat | -11 -10 -10 -------- Run | Yrd Mat Min Hostile Shots Fired 99 | . 74 25 Missed 26 | . 22 4 Hits 73 | . 52 21 Melee 6 | . . 6 Projectile 67 | . 52 15 Critical Strikes 3 | . 3 . Damage Taken 987 | . 622 365 Core 263 | . 181 82 Absorbed by Shields . | . . . Core Remaining (%) 100 | 100 . . Volleys Fired 72 | 4 63 5 Largest 2 | 2 2 2 Hottest 130 | 40 130 130 Shots Fired 115 | 8 97 10 Gun 115 | 8 97 10 Cannon . | . . . Launcher . | . . . Special . | . . . Kinetic 22 | 8 14 . Thermal 93 | . 83 10 Explosive . | . . . Electromagnetic . | . . . Robot Hit Streak 8 | 4 8 4 Robot Miss Streak 10 | 1 10 5 Penetration Max . | . . . Secondary Targets 3 | . 3 . Max Gunslinging Chain 1 | . 1 . Shots Hit Robots 82 | 5 67 10 Core Hits 72 | 4 48 20 Critical Kills . | . . . Critical Parts Destroyed . | . . . Critical Strikes 4 | . 4 . Burn 4 | . 4 . Melee Attacks . | . . . Impact . | . . . Slashing . | . . . Piercing . | . . . Sneak Attacks . | . . . Combat Hostiles . | . . . Follow-up Attacks . | . . . Damage Inflicted 1089 | 58 868 163 Guns 1089 | 58 868 163 Cannons . | . . . Explosions . | . . . Melee . | . . . Ramming . | . . . Kinetic 204 | 58 146 . Thermal 885 | . 722 163 Explosive . | . . . Electromagnetic . | . . . Impact . | . . . Slashing . | . . . Piercing . | . . . Highest Corruption . | . . . Average Corruption . | . . . Corruption Purged . | . . . Corruption Blocked . | . . . Overload Shots . | . . . Overflow Damage . | . . . Projectiles . | . . . Explosions . | . . . Melee . | . . . Knockbacks . | . . . Impact . | . . . Kinetic . | . . . Secondary . | . . . Self-Inflicted Damage . | . . . Shots . | . . . Rammed . | . . . Targets Rammed . | . . . Kicked . | . . . Crushed . | . . . Highest Temperature 210 | . 210 12 Average Temperature 60 | . 64 6 Received Heat Transfer 333 | . 333 . Siege Activations . | . . . Martial Activations . | . . . Shielding Activations . | . . . Robots Disrupted . | . . . Combat Hostiles . | . . . Robots Corrupted . | . . . Combat Hostiles . | . . . Parts Fried . | . . . Impact Corruptions . | . . . Robots Melted . | . . . Combat Hostiles . | . . . Parts Melted 1 | . 1 . Heat Transferred 2265 | . 2055 210 Parts Sabotaged . | . . . Parts Stolen . | . . . Parts Stripped . | . . . Power Chain Reactions . | . . . Alert | -11 -10 -10 ------- Run | Yrd Mat Min Maximum Alert Level 1 | . 1 . Low Security (%) 98 | 100 98 100 Level 1 1 | . 1 . Level 2 . | . . . Level 3 . | . . . Level 4 . | . . . Level 5 . | . . . High Security . | . . . Max Security . | . . . Peak Influence 203 | 10 203 13 Initial 13 | . . 13 Average 79 | 1 88 11 Influence Increases 477 | 15 462 . Destroy 0b10 Robot/C 320 | . 320 . Destroy 0b10 Robot/NC 45 | 15 30 . Destroy Leader 74 | . 74 . Successful Hack 38 | . 38 . Influence Decreases 474 | 15 428 31 Entered New Map 21 | . . 21 Time Decay 433 | 15 418 . Lost Part 20 | . 10 10 Squads Dispatched 4 | . 4 . Investigation 4 | . 4 . Extermination . | . . . Reinforcement . | . . . Assault . | . . . Garrison . | . . . Intercept . | . . . Searches Triggered . | . . . Construction Impeded . | . . . Haulers Reinforced . | . . . Active Scanning Responses . | . . . Cargo Convoy Interrupts . | . . . Stealth | -11 -10 -10 --------- Run | Yrd Mat Min Distress Signals . | . . . Communications Jammed . | . . . Distress Signals . | . . . Times Spotted 43 | . 27 16 Peak Tracking Total 20 | . 4 20 Tactical Retreats . | . . . Traps | -11 -10 -10 ------- Run | Yrd Mat Min Traps Triggered 2 | . 2 . Indirectly . | . . . Trap Hack Attempts . | . . . Triggered . | . . . Disarmed . | . . . Reprogrammed . | . . . Reused . | . . . Traps Extracted . | . . . Installed . | . . . Triggered . | . . . Machines | -11 -10 -10 ---------- Run | Yrd Mat Min Machines Disabled . | . . . Max in Single Turn . | . . . Machines Repaired . | . . . Machines Dismantled . | . . . Machines Sabotaged . | . . . Overloaded Fab Kills . | . . . Hacking | -11 -10 -10 --------- Run | Yrd Mat Min Machines Accessed 8 | . 8 . Terminals 8 | . 8 . Fabricators . | . . . Repair Stations . | . . . Recycling Units . | . . . Scanalyzers . | . . . Garrison Access . | . . . Total Hacks 26 | . 26 . Successful 14 | . 14 . Failed 11 | . 11 . Catastrophic 2 | . 2 . Database Lockouts 1 | . 1 . Manual 25 | . 25 . Terminals 26 | . 26 . Fabricators . | . . . Repair Stations . | . . . Recycling Units . | . . . Scanalyzers . | . . . Garrison Access . | . . . Terminal Hacks 6 | . 6 . Part Schematic 2 | . 2 . Branch Access Points 1 | . 1 . Terminal Index 1 | . 1 . Locate Traps 2 | . 2 . Fabricator Hacks . | . . . Repair Station Hacks . | . . . Recycling Unit Hacks . | . . . Scanalyzer . | . . . Garrison Access Hacks . | . . . Unauthorized Hacks 8 | . 8 . Terminals 8 | . 8 . Botnet 6 | . 6 . Detonate 1 | . 1 . Operators 1 | . 1 . Fabricators . | . . . Repair Stations . | . . . Recycling Units . | . . . Scanalyzers . | . . . Garrison Access . | . . . Data Cores Recovered . | . . . Used . | . . . Hacking Detections 8 | . 8 . Full Trace Events 4 | . 4 . Feedback Events . | . . . Feedback Blocked . | . . . Robot Schematics Acquired . | . . . Robots Built . | . . . Authchips . | . . . Time . | . . . Total Robot Build Rating . | . . . Part Schematics Acquired 2 | . 2 . Parts Built . | . . . Authchips . | . . . Time . | . . . Total Part Build Rating . | . . . Part Studies Acquired . | . . . Parts Repaired . | . . . Time . | . . . Parts Recycled . | . . . Recycled Matter . | . . . Retrieved Matter . | . . . Retrieved Components . | . . . Parts Scanalyzed . | . . . Part Schematics Acquired . | . . . Parts Damaged . | . . . Bothacking | -11 -10 -10 ------------ Run | Yrd Mat Min Used RIF Installer . | . . . Robots Hacked . | . . . Non-combat . | . . . Combat . | . . . Robot Hacks Applied . | . . . Relay Couplers Released . | . . . Fabnet Peak Effective % . | . . . Robots Rewired . | . . . Allies Hacked . | . . . Hacks Repelled . | . . . Allies | -11 -10 -10 -------- Run | Yrd Mat Min Total Allies . | . . . Largest Group . | . . . Highest-Rated Group . | . . . Highest-Rated Ally . | . . . Total Orders . | . . . Ally Attacks . | . . . Total Damage . | . . . Kills . | . . . Allies Corrupted . | . . . Allies Melted . | . . . Intel | -11 -10 -10 ------- Run | Yrd Mat Min Active Infowar (turns) 378 | 89 289 . Seismic 378 | 89 289 . Robot Analysis Total . | . . . Derelict Logs Recovered . | . . . Drone Launches . | . . . Drone Recoveries . | . . . Exploration | -11 -10 -10 ------------- Run | Yrd Mat Min Turns Passed 1489 | 150 1323 16 Spaces Moved 890 | 82 807 1 Core 3 | 3 . . Treads 101 | 68 33 . Legs . | . . . Wheels 786 | 11 774 1 Hover . | . . . Flight . | . . . Fastest Speed 50 | 50 100 130 Average Speed 122 | 147 119 130 Slowest Speed 160 | 160 160 130 Overloaded Moves . | . . . Propulsion Burnouts . | . . . Robots Hopped . | . . . Potential Cave-ins . | . . . Cave-ins Triggered . | . . . Exploration Rate (%) 36 | 7 97 6 Regions Visited 2 Branch Regions 1 Pre-discovered Areas . | . . . Known Exits Taken 1 | . 1 . Unknown Exits Taken 1 | 1 . . Scrap Searched . | . . . Spaces Dug . | . . . Terrain Destroyed . | . . . Melee . | . . . Projectile . | . . . AOE . | . . . Terrain Rammed . | . . . Walls Destroyed . | . . . Machines Disabled . | . . . Actions | -11 -10 -10 --------- Run | Yrd Mat Min Total 1181 | 101 1073 7 Wait 145 | . 145 . Move 888 | 81 806 1 Hop . | . . . Pick Up 31 | 7 24 . Fast Attach 7 | 6 1 . Attach 2 | 1 . 1 Detach . | . . . Swap 15 | 1 14 . Drop 21 | 1 20 . Fire 72 | 4 63 5 Melee . | . . . Ram . | . . . Kick . | . . . Crush . | . . . Escape Stasis . | . . . Rewire . | . . . Trap . | . . . Miscellaneous . | . . . Route ------- -11/Scrapyard -10/Materials (discovered 3 exits: [*Mat x2] / *Min) -10/Mines History --------- Turn | Location | Event 14 | -11/Scrapyard | Discovered new exit (range 16) 151 | -11/Scrapyard | Entered Materials 318 | -10/Materials | Build established: Mutant 329 | -10/Materials | Discovered new exit (range 16) 606 | -10/Materials | Core integrity fell below 50% 627 | -10/Materials | Discovered new exit (range 16) 768 | -10/Materials | Discovered new exit (range 9) 1217 | -10/Materials | Central database locked down 1404 | -10/Materials | Identified exit to Mines 1474 | -10/Materials | Entered Mines 1475 | -10/Mines | Assembled infested the area 1479 | -10/Mines | Core integrity fell below 20% 1490 | -10/Mines | Destroyed by as-24164 with Assembled Heavy Rifle Last Messages --------------- Found 1 branch access point: (37,38) Mines Map updated. LOCATION=MINES GOAL=ESCAPE Something is scanning the area. 01475_ ALERT: Infestation in the mines, dispatching Demolisher response squad. 01475_ T-07 Excavator is excavating. [Achievement: Hunted] 01478_ T-07 Excavator is excavating. 01479_ as-70611 destroyed. 01482_ T-07 Excavator is excavating. 01485_ as-56514 destroyed. 01487_ HV Slug penetrates as-61411. 01487_ as-61411 destroyed. 01487_ HV Slug penetrates Wall. 01487_ T-07 Excavator is excavating. 01488_ Cooling System destroyed. 01489_ as-14632 suffers critical hit (Destroy). Map ----- +----------------------------------------------------+ | | | | | | | | | | | | | | | | | | | | | ????????????????????????????????????????? | | ????????????????????????????????????????? | | ????????????????????????????????????????? | | ????????????????????????????????????????? | | ????????????????????????????????????????? | | ????????????????????????????????????????? | | ???????????????##???????????????????????? | | ??????????????? ##?????????????????????? | | ??????????????? #?????????????????????? | | ???????????????a #?????????????????????? | | ??????????????? % #?????????????????????? | | ???????????????# a#?????????????????????? | | ???????????????;aa#?????????????????????? | | ???????????????#aa#?????????????????????? | | ???????# #######aa#?????????????????????? | | ????????#t @ ######????????????????? | | ????????# ?????????? | | ????????# #### ?????????? | | ?????????????# #### ?????????? | | ?????????????# ##????? ?????????? | | ????????????? ##???????? ??????????? | | ???????????? #???????????" ??????????? | | ???????????? #???????????????????????? | | ??????????? #???????????????????????? | | ?????????? ##???????????????????????? | | ?????????? ####?????????????????????????? | | ????????? #?????????????????????????????? | | ?????????#??????????????????????????????? | | ????????????????????????????????????????? | | ????????????????????????????????????????? | | ????????????????????????????????????????? | | ????????????????????????????????????????? | | ????????????????????????????????????????? | | ????????????????????????????????????????? | | ????????????????????????????????????????? | | ????????????????????????????????????????? | | ????????????????????????????????????????? | | ????????????????????????????????????????? | | ????????????????????????????????????????? | | ????????????????????????????????????????? | +----------------------------------------------------+ Best States ------------- Heat Dissipation 47 Energy Generation 14 Energy Capacity 250 Matter Stores 300 Matter Capacity 300 Sight Range 16 Terrain Scan Density 10 Armor Coverage 150 Evasion (%) 40 Recoil Reduction 1 Item Schematics ----------------- Huge Storage Unit | -10/Materials | Hacked ECM Suite | -10/Materials | Hacked Robot Schematics ------------------ None Fabricated ------------ Nothing Repaired ---------- Nothing Studied --------- None Alien Tech Used ----------------- None Achievements -------------- Hunted Challenges ------------ None Game ------ Seed SwarmThermicMaul Manual? 0 Play Time 00:13:48 Cumulative 25.6 hours Start 2025.11.12 @ 14:46:44 End 2025.11.12 @ 15:00:18 Sessions 1 Manual Loads 0 Difficulty Rogue Special Mode None Game No. 33 Rogue 33 Adventurer 0 Explorer 0 Win Type - Total 0 Types 0/0/0/0/0/0/0/0/0/0 Lore% 9 Gallery% 13 Achievement% 12 Wizard Run 0 Options --------- Layout 1 ASCII 0 Keyboard 1 Movement Arrows Keybinds 1 Fullscreen 2 Font 24/Smallcaps Map View 50x35 Zoom Use 0% Tactical HUD 1 Map Filters NONE Filters NONE Steam 1 RUN: 70b47cd6-ff68-4273-92ef-3d6de88e9fb9